 Dungeon Crawl Stone Soup version 0.21.1-1-g345015f (webtiles) character file.

125 septik the Covered (level 5, -11/33 HPs)
             Began as a Gargoyle Fighter on May 3, 2018.
             Mangled by Menkaure (16 damage)
             ... on level 4 of the Dungeon.
             The game lasted 00:15:09 (2352 turns).

septik the Covered (Gargoyle Fighter)               Turns: 2352, Time: 00:15:10

Health: -11/33     AC: 14    Str: 25    XL:     5   Next: 9%
Magic:  5/5        EV:  7    Int:  8    God:
Gold:   173        SH: 10    Dex: 10    Spells: 4/4 levels left

rFire    . . .     SeeInvis .   a - +0 war axe
rCold    . . .     Gourm    .   c - +0 shield
rNeg     + . .     Faith    .   z - +0 scale mail
rPois    ∞         Spirit   .   (no helmet)
rElec    +         Reflect  .   (no cloak)
rCorr    .         Harm     .   x - +1 pair of gloves
MR       .....                  o - +0 pair of boots
Stlth    ..........             (no amulet)
HPRegen  0.11/turn              (no ring)
MPRegen  0.09/turn              (no ring)

@: mighty
A: negative energy resistance 1, electricity resistance, unbreathing,
petrification resistance, rot immunity, AC +4
a: no special abilities


You were on level 4 of the Dungeon.
You were very hungry.

You visited 1 branch of the dungeon, and saw 4 of its levels.

You collected 173 gold pieces.

Inventory:

Hand Weapons
 a - a +0 war axe (weapon)
 b - a +0 blowgun
 m - a +0 dagger of venom
Missiles
 h - 37 poisoned needles
 j - 66 stones (quivered)
 p - a throwing net
 A - 34 sling bullets
Armour
 c - a +0 shield (worn)
 o - a +0 pair of boots (worn)
 x - a +1 pair of gloves (worn)
 z - a +0 scale mail (worn)
Jewellery
 g - an uncursed amulet of magic regeneration {unknown}
 D - an uncursed amulet of rage {unknown}
Wands
 l - a wand of flame (32)
Scrolls
 r - 2 scrolls of remove curse
 s - 2 scrolls of magic mapping {unknown}
 u - a scroll of amnesia {unknown}
 v - a scroll of identify
 w - a scroll of immolation {unknown}
 y - 2 scrolls of teleportation {unknown}
 B - a scroll of fear {unknown}
Potions
 d - a potion of might
 e - a potion of lignification {unknown}
 i - 2 potions of flight {unknown}
 k - 2 potions of degeneration {unknown}
 n - a potion of agility {unknown}
 q - 4 potions of curing {unknown}
 t - 2 potions of heal wounds {unknown}
 C - a potion of berserk rage {unknown}
Comestibles
 f - 9 rations


   Skills:
 + Level 4.1 Fighting
 + Level 2.7 Axes
 + Level 4.2 Armour
 + Level 4.1 Shields


You had 4 spell levels left.
You didn't know any spells.

Dungeon Overview and Level Annotations

Branches:
Dungeon (4/15)
 Temple: D:4-7

Altars:
Elyvilon
Okawaru
Zin

Annotations:
D:4 Menkaure


Innate Abilities, Weirdness & Mutations

You are resistant to torment.
Your stone body is resilient. (AC +4)
You are immune to poison.
You resist negative energy. (rN+)
You are resistant to electric shocks. (rElec)
You can survive without breathing.
You are immune to petrification.
You are immune to rotting.


Message History

You slash the phantom! You block the phantom's attack.
Menkaure hits you but does no damage. You block the phantom's attack.
You barely miss Menkaure.
Menkaure is heavily damaged.
You barely miss the phantom. The phantom barely misses you.
Menkaure barely misses you.
You hit Menkaure but do no damage.
Menkaure is heavily damaged.
You slash the phantom!
The phantom hits you but does no damage.
Menkaure hits you!
* * * LOW HITPOINT WARNING * * *
The phantom blinks!
Menkaure hums drily.
Menkaure calls on the powers of darkness!
You feel a surge of unholy energy.
You slash Menkaure!
Menkaure is severely damaged.
Menkaure hits you!
You die...

##############
#............#
#.####.......######
#....W.W..........#
#..#.#.#...#.###.##
#..#<#.#...#.# #.#
#...@....#.#.###.##
##.#M..#.#.#.#...<#
#..#.......#.#.#.##
#.##.#...###.#.#.#
#.......<....# #.#
####.....#####.#.#
###.....#..W..#.#
..........># #.#
#####....#..M....


You could see a phantom and Menkaure.

Vanquished Creatures
  Ijyb (D:3)
  3 adders
  A shadow imp (D:3)
  An ooze (D:1)
  4 worms
  3 leopard geckos
  An orc (D:3)
  4 giant cockroaches
  4 hobgoblins
  3 bats
  5 frilled lizards
  4 goblins
  11 kobolds
  7 rats
52 creatures vanquished.

Notes
Turn   | Place    | Note
-------+----------+-------------------------------------------
     0 | D:1      | septik the Gargoyle Fighter began the quest for the Orb.
     0 | D:1      | Reached XP level 1. HP: 14/14 MP: 1/1
     6 | D:1      | Noticed a yaktaur
     6 | D:1      | Noticed a soldier ant
     6 | D:1      | Noticed a komodo dragon
   249 | D:1      | Reached XP level 2. HP: 19/19 MP: 2/2
   775 | D:2      | Reached XP level 3. HP: 23/23 MP: 3/3
  1561 | D:3      | Reached XP level 4. HP: 29/29 MP: 4/4
  1924 | D:3      | Noticed Ijyb
  1940 | D:3      | Killed Ijyb
  1940 | D:3      | Reached XP level 5. HP: 32/33 MP: 5/5
  2219 | D:3      | Found a faded altar of an unknown god.
  2219 | D:3      | Found an iron altar of Okawaru.
  2229 | D:3      | Found a faded altar of an unknown god.
  2232 | D:3      | Found a white marble altar of Elyvilon.
  2233 | D:3      | Found a glowing silver altar of Zin.
  2301 | D:4      | Noticed a phantom
  2302 | D:4      | Noticed Menkaure
  2352 | D:4      | Mangled by Menkaure

Skill      XL: |  1  2  3  4 |
---------------+-------------+-----
Axes           | 2 |  2.7
Armour         | 4 |  4.2
Shields        | 4 |  4.1
Fighting       | 4 |  4.1

Action                   |  1- 3 |  4- 6 || total
-------------------------+-------+-------++-------
Melee: War axe           |   118 |    80 ||   198
       Hand axe          |       |    16 ||    16
 Fire: Blowgun           |       |     4 ||     4
Throw: Throwing net      |     1 |       ||     1
       Stone             |     9 |       ||     9
  Use: Scroll            |     2 |     1 ||     3
       Potion            |       |     1 ||     1
  Eat: Chunk             |     2 |     2 ||     4
Armor: Scale mail        |    61 |    69 ||   130
Dodge: Dodged            |    31 |    24 ||    55
Block: Shield            |    53 |    49 ||   102
